[Event "Late-Titled-Tuesday-Blitz-June-04-2024"]
[Site "Chess.com"]
[Date "2024.06.04"]
[Round "4"]
[White "rasmussvane"]
[Black "DishonorOnYourCow"]
[Result "1-0"]
[WhiteElo "2918"]
[BlackElo "2577"]
[TimeControl "180+1"]
[EndTime "14:37:09 PDT"]
[Termination "rasmussvane won by resignation"]

1. Nf3 Nf6 2. g3 g6 3. Bg2 Bg7 4. O-O O-O 5. d4 d5 6. c4 dxc4 7. Na3 a5 8. Nxc4 a4 9. Re1 c6 10. e4 Be6 11. Qc2 Nbd7 12. Bf4 Nb6 13. Nce5 Nfd7 14.
Nd3 Bc4 15. Red1 Nf6 16. Nc5 Qc8 17. Ne5 Bb5 18. Rac1 Nbd7 19. Bh3 e6 20. Nexd7 Nxd7 21. Nxd7 Qxd7 22. d5 cxd5 23. exd5 Rac8 24. dxe6 fxe6 25. Rxd7 Rxc2 26. Rxg7+ Kxg7 27. Rxc2 Rd8 28. Be5+ 1-0

[Event "Late-Titled-Tuesday-Blitz-June-04-2024"]
[Site "Chess.com"]
[Date "2024.06.04"]
[Round "4"]
[White "fpawn"]
[Black "MuhittinBuker"]
[Result "1-0"]
[WhiteElo "2419"]
[BlackElo "2225"]
[TimeControl "180+1"]
[EndTime "14:37:10 PDT"]
[Termination "fpawn won on time"]

1. e4 e5 2. Nf3 Nc6 3. d4 exd4 4. Nxd4 Bc5 5. Be3 Qf6 6. c3 Nge7 7. Bc4 Ne5 8. Be2 Qg6 9. O-O d6 10. f4 Qxe4 11.
Bf2 Qxf4 12. Nb5 Bxf2+ 13. Rxf2 Qh6 14. Nxc7+ Kf8 15. Nxa8 d5 16. Na3 a6 17. Qd4 N5c6 18.
Qc5 g6 19. Raf1 Be6 20. Nc7 Bf5 21. Nxd5 Qh4 22. Nxe7 Nxe7 23. Nc4 Kg7 24. Nd6 Rd8 25. Nxf5+ Nxf5 26. Rxf5 gxf5 27. Qxf5 1-0

[Event "Late-Titled-Tuesday-Blitz-June-04-2024"]
[Site "Chess.com"]
[Date "2024.06.04"]
[Round "4"]
[White "Eloist"]
[Black "charly871"]
[Result "0-1"]
[WhiteElo "2442"]
[BlackElo "2314"]
[TimeControl "180+1"]
[EndTime "14:37:13 PDT"]
[Termination "charly871 won on time"]

1. e4 g6 2. d4 Bg7 3. Nc3 d6 4. Nf3 a6 5. Bc4 e6 6. a4 b6 7. O-O Bb7 8. Re1 Ne7 9. Bf4 Nd7 10. h3 O-O 11. Qd2 d5 12. Bd3 dxe4 13. Bxe4 Bxe4 14. Nxe4 Nf5 15. Rad1 Nf6 16. Bg5 Nxe4 17. Rxe4 Qd5 18. Qe2 h6 19. Bf4 c5 20. c4 Qc6 21. d5 exd5 22.
cxd5 Qd7 23. g4 Nd6 24. Re7 Qd8 25. Re1 b5 26. Qe3 Nc4 27. Qxc5 Nxb2 28. Bc7 Nxa4 29. Bxd8 Nxc5 30. Bb6 Nd3 31. Rd1 Nb2 32. Rc1 Nc4 33. Bc7 Bf6 34. Re4 Bd8 35. d6 Bxc7 36. dxc7 Rfc8 37.
Re7 Ra7 38. Ne5 Nxe5 39. Rxe5 Raxc7 0-1

[Event "Late-Titled-Tuesday-Blitz-June-04-2024"]
[Site "Chess.com"]
[Date "2024.06.04"]
[Round "4"]
[White "Kapitan_Bayan"]
[Black "tactic"]
[Result "1-0"]
[WhiteElo "2383"]
[BlackElo "2563"]
[TimeControl "180+1"]
[EndTime "14:37:14 PDT"]
[Termination "Kapitan_Bayan won by checkmate"]

1. e4 d5 2. exd5 c6 3. dxc6 Nxc6 4. Nf3 e5 5. Bb5 Bd6 6. d4 exd4 7. Nxd4 Ne7 8.
Nxc6 bxc6 9. Be2 O-O 10. O-O Qc7 11. g3 Bh3 12. Re1 Rad8 13. Nd2 Bc5 14. Bf3 Qb6 15. Qe2 Nf5 16. Ne4 Nd4 17. Qd3 Nb3 18. Qxb3 Bb4 19.
Be3 Qa5 20. c3 Qf5 21. Ng5 Be7 22. Be4 Qg4 23. Nxh3 Qxh3 24. Bg2 Qf5 25. Rad1 Rb8 26. Qa4 Rxb2 27. Bxa7 Bf6 28. Qe4 Qa5 29. Bd4 Qxa2 30. Bxf6 gxf6 31. Qf5 Kg7 32. Rd4 h5 33. Qxh5 f5 34.
Qxf5 Rb5 35. Rg4+ Kh6 36. Qf6+ Kh5 37. Rh4# 1-0

[Event "Late-Titled-Tuesday-Blitz-June-04-2024"]
[Site "Chess.com"]
[Date "2024.06.04"]
[Round "4"]
[White "2346PL"]
[Black "chessdjw"]
[Result "0-1"]
[WhiteElo "2545"]
[BlackElo "2774"]
[TimeControl "180+1"]
[EndTime "14:37:15 PDT"]
[Termination "chessdjw won by resignation"]

1. d4 Nf6 2. Bg5 d5 3. Nd2 Nbd7 4. Ngf3 h6 5. Bxf6 Nxf6 6. e3 e6 7. Bd3 Be7 8. O-O O-O 9. c4 b6 10. Rc1 c5 11. dxc5 bxc5 12. cxd5 exd5 13. a3 Bb7 14. Qa4 Qb6 15. b4 c4 16. Bb1 a5 17. b5 Rfc8 18. Nd4 c3 19. N2f3 Rc4 20. Qc2 Bxa3 21. Ne5 Rxd4 22. exd4 Bxc1 23. Rxc1 Qxd4 24.
Nc6 Bxc6 25. bxc6 Ne4 26. c7 Rc8 27. Rd1 Qc5 28. Qxe4 dxe4 29. Rd8+ Qf8 0-1

[Event "Late-Titled-Tuesday-Blitz-June-04-2024"]
[Site "Chess.com"]
[Date "2024.06.04"]
[Round "4"]
[White "GlavkonVVS"]
[Black "Defenstrator"]
[Result "1-0"]
[WhiteElo "2552"]
[BlackElo "2376"]
[TimeControl "180+1"]
[EndTime "14:37:15 PDT"]
[Termination "GlavkonVVS won by resignation"]

1. Nf3 g6 2. g3 Bg7 3. Bg2 b6 4.
O-O Bb7 5. d3 d6 6. Nbd2 Nd7 7.
c4 e5 8. Rb1 a5 9. a3 Ne7 10.
b4 axb4 11. axb4 O-O 12. e4 h6 13. Nb3 f5 14. c5 fxe4 15. Nfd2 dxc5 16. bxc5 Nf6 17.
cxb6 cxb6 18. Nc5 bxc5 19. Rxb7 exd3 20. Qb3+ Kh8 21. Ne4 Nxe4 22. Bxe4 Rb8 23. Rxb8 Qxb8 24. Qxd3 Nf5 25. Rd1 Nd4 26. Bxg6 Nf3+ 27. Kg2 e4 28. Bxe4 Ne5 29. Qd5 Ng4 30. Bf4 Rxf4 31. gxf4 Qxf4 32. Qf5 Qxh2+ 33. Kf1 Qh3+ 34. Ke2 Nf6 35. Rd8+ 1-0

[Event "Late-Titled-Tuesday-Blitz-June-04-2024"]
[Site "Chess.com"]
[Date "2024.06.04"]
[Round "4"]
[White "giovannibrandao7"]
[Black "manitodeplomo"]
[Result "0-1"]
[WhiteElo "2345"]
[BlackElo "2623"]
[TimeControl "180+1"]
[EndTime "14:37:17 PDT"]
[Termination "manitodeplomo won by resignation"]

1. e4 c5 2. Nf3 e6 3. d4 cxd4 4. Nxd4 a6 5. Bd3 Bc5 6. Nb3 Be7 7. O-O d6 8. a4 b6 9. Nc3 Nf6 10. f4 Nbd7 11. Be3 Bb7 12. Qe2 Qc7 13. Rad1 O-O 14.
g4 g6 15. f5 gxf5 16. gxf5 Kh8 17. Kf2 Rg8 18. Rg1 d5 19. Ke1 dxe4 20. Nxe4 Nxe4 21. Bxe4 Bxe4 22. fxe6 Ne5 23. Bd4 Rxg1+ 24. Bxg1 0-1

[Event "Late-Titled-Tuesday-Blitz-June-04-2024"]
[Site "Chess.com"]
[Date "2024.06.04"]
[Round "4"]
[White "Kopytkin"]
[Black "Vahe_Danielyan"]
[Result "1-0"]
[WhiteElo "2430"]
[BlackElo "2638"]
[TimeControl "180+1"]
[EndTime "14:37:17 PDT"]
[Termination "Kopytkin won by resignation"]

1. d4 d5 2. Bg5 f6 3. Bd2 c5 4. dxc5 e5 5. b4 Be6 6. Nf3 Ne7 7. g3 Ng6 8. Bg2 Nc6 9. c3 Be7 10. O-O O-O 11. Na3 a6 12. Nc2 f5 13.
e3 Qd7 14. Rb1 Rae8 15. a4 f4 16. exf4 exf4 17. Ncd4 Bh3 18. Nxc6 bxc6 19. Re1 fxg3 20. fxg3 Bxg2 21. Kxg2 Qg4 22. Ng1 Qf5 23. Be3 Qe4+ 24. Kh3 Bd8 25. Bd4 Qf5+ 26. Kg2 Rxe1 27. Qxe1 Qc2+ 28. Kh1 Bf6 29. Qe6+ Kh8 30. Rf1 Bxd4 31.
Rxf8+ Nxf8 32. Qe8 Qf2 33. cxd4 h6 34. b5 axb5 35. axb5 cxb5 36. c6 b4 37. c7 Kh7 38.
c8=Q b3 39. Qxf8 Qe3 40. Qcf5+ 1-0

[Event "Late-Titled-Tuesday-Blitz-June-04-2024"]
[Site "Chess.com"]
[Date "2024.06.04"]
[Round "4"]
[White "ArtemDyachuk"]
[Black "Dexter_Dyke"]
[Result "1-0"]
[WhiteElo "2673"]
[BlackElo "2473"]
[TimeControl "180+1"]
[EndTime "14:37:18 PDT"]
[Termination "ArtemDyachuk won by checkmate"]

1. d4 Nf6 2. c4 c5 3. d5 e5 4. Nc3 d6 5. e4 Be7 6. h3 h5 7. Nf3 Nbd7 8. Bg5 Nf8 9. Bd3 Ng6 10.
O-O h4 11. Ne2 Nh5 12. Be3 Ngf4 13. Nxf4 exf4 14. Bd2 Bf6 15. e5 dxe5 16. Re1 O-O 17. Nxe5 g6 18. Bc3 Ng7 19. Qf3 Bg5 20. b4 cxb4 21. Bxb4 Re8 22. Rad1 Nf5 23. Ng4 Bd7 24. Bc3 Qb6 25. Be4 Rac8 26. Bd4 Qa6 27. Ba1 b6 28. Qc3 Kh7 29. Bxf5 Bxf5 30. Qg7# 1-0

[Event "Late-Titled-Tuesday-Blitz-June-04-2024"]
[Site "Chess.com"]
[Date "2024.06.04"]
[Round "4"]
[White "Harry_Rakkel"]
[Black "dimitrisl"]
[Result "1-0"]
[WhiteElo "2701"]
[BlackElo "2504"]
[TimeControl "180+1"]
[EndTime "14:37:20 PDT"]
[Termination "Harry_Rakkel won on time"]

1. e4 e5 2. Nc3 Nc6 3. g3 Nf6 4. Bg2 Bb4 5. Nge2 O-O 6. O-O Nd4 7. d3 c6 8. Nxd4 exd4 9. Ne2 Bc5 10. h3 d5 11. Kh2 dxe4 12. dxe4 Re8 13. Qd3 a5 14.
Rd1 b6 15. Nxd4 Ba6 16. c4 Bxd4 17. Qxd4 Qxd4 18. Rxd4 c5 19. Rd6 Rab8 20. e5 Rxe5 21. Bf4 Ree8 22. b3 Ne4 23. Rc6 1-0

[Event "Late-Titled-Tuesday-Blitz-June-04-2024"]
[Site "Chess.com"]
[Date "2024.06.04"]
[Round "4"]
[White "Lennis93"]
[Black "SharathRk6"]
[Result "1-0"]
[WhiteElo "2735"]
[BlackElo "2514"]
[TimeControl "180+1"]
[EndTime "14:37:21 PDT"]
[Termination "Lennis93 won by resignation"]

1. Nf3 Nf6 2. h3 d5 3. g4 e6 4. g5 Nfd7 5. h4 c5 6. Nc3 Nc6 7. Rg1 b6 8. h5 Bb7 9. g6 hxg6 10.
hxg6 f6 11. e4 d4 12. Ne2 e5 13. Ng3 Ne7 14. Bc4 Nxg6 15. d3 Ne7 16. c3 Qc7 17. a4 O-O-O 18. a5 Kb8 19. axb6 Nxb6 20. Ba6 Ba8 21.
cxd4 cxd4 22. Bd2 Nc6 23. Qb3 Bd6 24. Nf5 Rh3 25. Ke2 g5 26. Rac1 Bb7 27. Bxb7 Kxb7 28. Bxg5 fxg5 29. Nxg5 Rhh8 30. Ne6 Qd7 31. Rg7 Ne7 32.
Rc7+ Bxc7 33. Nc5+ Kc8 34. Nxd7 Nxf5 35. Nxb6+ axb6 36. exf5 e4 37. Qe6+ Kb8 38. Qxe4 Rhe8 39. Re7 Rxe7 40. Qxe7 Rh8 41. f6 Kc8 42. f7 Bd8 1-0

[Event "Late-Titled-Tuesday-Blitz-June-04-2024"]
[Site "Chess.com"]
[Date "2024.06.04"]
[Round "4"]
[White "th3d4rkness"]
[Black "mohssenbinaddi"]
[Result "0-1"]
[WhiteElo "2166"]
[BlackElo "2324"]
[TimeControl "180+1"]
[EndTime "14:37:24 PDT"]
[Termination "mohssenbinaddi won by resignation"]

1. e4 c6 2. d4 d5 3. e5 Bf5 4. h4 h5 5. Bg5 Qa5+ 6. Nd2 Nd7 7.
Bd3 Bxd3 8. cxd3 e6 9. Nf3 Ne7 10. O-O Nf5 11. a3 f6 12. exf6 gxf6 13. Bf4 Qb6 14.
Be3 Bd6 15. b4 O-O-O 16. Nb3 Rdg8 17. Nc5 Nf8 18. Re1 Qc7 19. Kf1 Qg7 20. g3 Qg4 21. Ra2 Bxg3 22. Ng5 Nxe3+ 23. Rxe3 Qxd1+ 24. Kg2 fxg5 25. Rxg3 gxh4 26. Rxg8 Rxg8+ 0-1

[Event "Late-Titled-Tuesday-Blitz-June-04-2024"]
[Site "Chess.com"]
[Date "2024.06.04"]
[Round "4"]
[White "Yaacovn"]
[Black "penguingm1"]
[Result "1-0"]
[WhiteElo "2809"]
[BlackElo "2929"]
[TimeControl "180+1"]
[EndTime "14:37:25 PDT"]
[Termination "Yaacovn won on time"]

1. d4 d5 2. Nf3 Nf6 3. c3 e6 4. Bf4 c5 5. e3 Nc6 6. Nbd2 Nh5 7.
Be5 f6 8. Bg3 Qb6 9. Qb3 Nxg3 10. hxg3 g6 11. Qc2 Kf7 12. Bd3 Ne7 13. dxc5 Qxc5 14.
e4 Bg7 15. exd5 exd5 16. Nb3 Qb6 17. O-O-O Bg4 18. Rde1 Rae8 19. Nbd4 h5 20. Nh4 Bh6+ 21. Kb1 Rhg8 22. Bb5 Rc8 23. f3 Qxd4 24. cxd4 Rxc2 25. Kxc2 Bc8 26. Ba4 g5 27. g4 gxh4 28. Rxh4 Bf4 29. Rxh5 Nc6 30. Kc3 Kg6 31. Bc2+ Kf7 32.
Bb3 Ne7 33. Rh7+ 1-0

[Event "Late-Titled-Tuesday-Blitz-June-04-2024"]
[Site "Chess.com"]
[Date "2024.06.04"]
[Round "4"]
[White "Arimin1329"]
[Black "A4RookA3"]
[Result "1-0"]
[WhiteElo "2369"]
[BlackElo "2508"]
[TimeControl "180+1"]
[EndTime "14:37:29 PDT"]
[Termination "Arimin1329 won by checkmate"]

1. Nf3 c5 2. b3 Nc6 3. Bb2 Nf6 4. c4 d5 5. cxd5 Nxd5 6. g3 f6 7. Bg2 e5 8. O-O Be6 9. Nc3 Be7 10. Rc1 O-O 11. Ne4 b6 12. d3 Rc8 13. Qd2 Qd7 14. Rfd1 h6 15. h4 f5 16. Nc3 Bf6 17. e4 Nxc3 18. Bxc3 Nd4 19. Bxd4 exd4 20. Nh2 fxe4 21.
Bxe4 Bf5 22. Re1 Rce8 23. Bxf5 Qxf5 24. Re2 Rxe2 25. Qxe2 Rf7 26. Re1 Re7 27. Qf1 Rxe1 28. Qxe1 Qxd3 29. Qe8+ Kh7 30. h5 b5 31. Nf3 c4 32.
bxc4 bxc4 33. Nd2 g6 34. Ne4 gxh5 35. Nxf6+ Kg7 36. Nxh5+ Kh7 37. Qf7+ Kh8 38. Qg7# 1-0

[Event "Late-Titled-Tuesday-Blitz-June-04-2024"]
[Site "Chess.com"]
[Date "2024.06.04"]
[Round "4"]
[White "Jeppesen08"]
[Black "HanSchut"]
[Result "0-1"]
[WhiteElo "2439"]
[BlackElo "2275"]
[TimeControl "180+1"]
[EndTime "14:37:29 PDT"]
[Termination "HanSchut won by checkmate"]

1. f4 d5 2. Nf3 Nh6 3. e3 g6 4. Be2 Bg7 5. O-O O-O 6. d4 f6 7. c4 c6 8. Nc3 Nf7 9. e4 dxe4 10.
Nxe4 e5 11. fxe5 fxe5 12. d5 Bf5 13. Neg5 e4 14. Nxf7 Qb6+ 15. Kh1 exf3 16. Nh6+ Bxh6 17. Bxh6 fxe2 18. Qxe2 Nd7 19. Bxf8 Nxf8 20. g4 Bd7 21. Qe7 cxd5 22. Rf6 Qd4 23. Qf7+ Kh8 24. Raf1 Bc6 25. c5 Qe4+ 26. Kg1 d4 27. R1f3 Qxg4+ 28. Rg3 Qd1+ 29.
Kf2 Re8 30. h3 Re2# 0-1

[Event "Late-Titled-Tuesday-Blitz-June-04-2024"]
[Site "Chess.com"]
[Date "2024.06.04"]
[Round "4"]
[White "FlemingA"]
[Black "only_strong_moves"]
[Result "0-1"]
[WhiteElo "2486"]
[BlackElo "2685"]
[TimeControl "180+1"]
[EndTime "14:37:31 PDT"]
[Termination "only_strong_moves won by resignation"]

1. e4 e5 2. Nf3 Nc6 3. d4 exd4 4. Nxd4 Nf6 5. Nxc6 bxc6 6. e5 Qe7 7. Qe2 Nd5 8.
h4 f6 9. c4 Ba6 10. Rh3 Nb6 11.
exf6 Qxe2+ 12. Bxe2 Bxc4 13. fxg7 Bxg7 14. Nc3 Bxe2 15.
Re3+ Kf7 16. Rxe2 Rhe8 17. Bf4 Nc4 18. Rd1 d5 19. Bc1 Rxe2+ 20. Kxe2 Re8+ 21. Kf1 Rb8 22. Na4 Rb4 23. b3 Nd6 24. Ba3 Rxh4 25. Ke2 Nb5 26. Bc5 a6 27. Rc1 Ke6 28. f3 Rh2 29.
Kf2 Rh5 30. Re1+ Re5 31. Rc1 Bh6 32. Rc2 d4 33. Bb4 Be3+ 34. Kf1 d3 35. Rxc6+ Kd7 36.
Rxa6 Rh5 37. g4 Rh1+ 38. Kg2 Rg1+ 39. Kh2 Ra1 40. Bc5 d2 41. Nb2 Bxc5 0-1

[Event "Late-Titled-Tuesday-Blitz-June-04-2024"]
[Site "Chess.com"]
[Date "2024.06.04"]
[Round "4"]
[White "mostafa_sakha"]
[Black "sergeikim"]
[Result "0-1"]
[WhiteElo "2404"]
[BlackElo "2608"]
[TimeControl "180+1"]
[EndTime "14:37:32 PDT"]
[Termination "sergeikim won by resignation"]

1. d4 Nf6 2. c4 g6 3. Nc3 Bg7 4. e4 d6 5. Nf3 O-O 6. Be2 e5 7. O-O exd4 8. Nxd4 Re8 9. f3 Nbd7 10. Bg5 c6 11. Qd2 a5 12. Bh6 Bh8 13. Rad1 a4 14.
Kh1 Qa5 15. Qc2 Nc5 16. Bf4 Nfd7 17. Bxd6 Ne5 18. f4 Ng4 19. Bxg4 Bxg4 20. e5 Bxd1 21. Rxd1 Bg7 22. h3 f6 23. Nf3 f5 24. Qf2 Ne6 25.
c5 a3 26. b3 Qxc3 27. Qh4 Qb4 28. g3 Qe4 29. Rf1 h6 30. Kg2 g5 31. fxg5 hxg5 32.
Qxe4 fxe4 33. Nd2 e3 34. Nc4 e2 35. Re1 Nd4 36. Ne3 Bxe5 37. Ng4 Bxd6 38. Nf6+ Kf7 39. Nxe8 Rxe8 40. cxd6 Ke6 0-1

[Event "Late-Titled-Tuesday-Blitz-June-04-2024"]
[Site "Chess.com"]
[Date "2024.06.04"]
[Round "4"]
[White "Shankland"]
[Black "grzechu96"]
[Result "1-0"]
[WhiteElo "2970"]
[BlackElo "2797"]
[TimeControl "180+1"]
[EndTime "14:37:33 PDT"]
[Termination "Shankland won by resignation"]

1. e4 e5 2. Nf3 Nc6 3. Bb5 a6 4. Bxc6 dxc6 5. O-O f6 6. d4 exd4 7. Nxd4 c5 8. Ne2 Qxd1 9. Rxd1 Bd7 10. Nbc3 O-O-O 11.
Be3 Ne7 12. Bxc5 Ng6 13. Bxf8 Rhxf8 14. f3 Rde8 15. Ng3 Nh4 16. Kf2 f5 17. Rd2 g5 18.
exf5 Nxf5 19. Nxf5 Bxf5 20. Re1 Rxe1 21. Kxe1 Rf7 22. Nd5 b5 23. Ne3 Be6 24. a3 a5 25.
c3 b4 26. cxb4 axb4 27. axb4 Rf4 28. Nc2 Bb3 29. Nd4 Bc4 30. Kf2 Kb7 31. Ke3 Rf6 32. Rc2 Bf7 33. Rc5 Ra6 34. Ra5 Rxa5 35. bxa5 c5 36. Nc2 Ka6 37. b4 Bb3 38. Na1 Ba4 39. bxc5 Kxa5 40. Kd4 Kb5 41. g3 Bd1 42. Kd5 Bxf3+ 43.
Kd6 Kc4 44. Nc2 Kc3 45. Ne3 Kd4 46. Nf5+ Kd3 47. Ke5 Ke2 48. Nd4+ 1-0

[Event "Late-Titled-Tuesday-Blitz-June-04-2024"]
[Site "Chess.com"]
[Date "2024.06.04"]
[Round "4"]
[White "Zura_19"]
[Black "Laico"]
[Result "1-0"]
[WhiteElo "2615"]
[BlackElo "2406"]
[TimeControl "180+1"]
[EndTime "14:37:34 PDT"]
[Termination "Zura_19 won by resignation"]

1. e4 e6 2. d3 d5 3. Nd2 Nf6 4. Ngf3 dxe4 5. dxe4 Bc5 6. h3 e5 7. Be2 Nc6 8. c3 a5 9. a4 O-O 10. O-O Qe7 11. Qc2 Nh5 12. Nc4 Ng3 13. Rd1 Nxe2+ 14.
Qxe2 b6 15. Ne3 Ba6 16. Qc2 f6 17. Nd5 Qf7 18. Be3 Bd6 19. Nxb6 Rab8 20. Rd2 Rfd8 21. Rad1 Be7 22. Nd7 Rb7 23. Nc5 Rxd2 24. Qxd2 Bxc5 25.
Bxc5 h6 26. b4 axb4 27. cxb4 Bc4 28. b5 Nd4 29. Bxd4 exd4 30. Nxd4 Qe7 31. Nf5 Qxe4 32. Qd8+ Kh7 33. Qd7 c5 34. Qc8 Be6 35. Nd6 Bxc8 36. Nxe4 c4 37. Rc1 Ra7 38. Rxc4 Be6 39. Rb4 Bf5 40.
b6 Ra8 41. b7 Bxe4 42. bxa8=Q Bxa8 43. a5 1-0

[Event "Late-Titled-Tuesday-Blitz-June-04-2024"]
[Site "Chess.com"]
[Date "2024.06.04"]
[Round "4"]
[White "Smoking_Crow"]
[Black "Der_Balak_3Halak"]
[Result "0-1"]
[WhiteElo "2536"]
[BlackElo "2389"]
[TimeControl "180+1"]
[EndTime "14:37:34 PDT"]
[Termination "Der_Balak_3Halak won by resignation"]

1. a3 a6 2. h3 h6 3. e3 e6 4. Ke2 d5 5. d4 c5 6. c3 Nc6 7. f4 Nf6 8. Nf3 Ne4 9. Ke1 Be7 10. h4 e5 11. dxe5 Bg4 12. Be2 Bxf3 13. Bxf3 Bxh4+ 14. Kf1 Nf2 15. Qxd5 Nxh1 16. Nd2 Ng3+ 17. Kg1 O-O 18. c4 Nf5 19. Ne4 Nce7 20. Qxc5 Qd3 21. Bd2 Ng3 22. Nxg3 Bxg3 23. Bc3 Nf5 24. Bxb7 Rab8 25. Bf3 Nxe3 26. Qd6 Qxc4 27. Qd2 Bxf4 28. Qf2 Nf5 29. Re1 Bg3 30. Qe2 Qc5+ 31. Kh1 Bf4 32. Qc2 Ng3+ 33. Kh2 Ne4+ 34. Kh3 Nf2+ 35. Kh4 Qe7+ 0-1

[Event "Late-Titled-Tuesday-Blitz-June-04-2024"]
[Site "Chess.com"]
[Date "2024.06.04"]
[Round "4"]
[White "Bryanl106"]
[Black "Cambek64"]
[Result "1-0"]
[WhiteElo "2726"]
[BlackElo "2525"]
[TimeControl "180+1"]
[EndTime "14:37:37 PDT"]
[Termination "Bryanl106 won by resignation"]

1. e4 c6 2. Nf3 d5 3. Nc3 Bg4 4.
h3 Bxf3 5. Qxf3 e6 6. g3 Nf6 7. Bg2 Be7 8. O-O O-O 9. d3 Nbd7 10.
g4 b5 11. g5 Ne8 12. Qg3 b4 13. Ne2 Qc7 14. Bf4 Bd6 15. d4 a5 16. c3 Bxf4 17. Nxf4 bxc3 18. bxc3 Nd6 19. Nh5 Nb5 20. e5 Kh8 21. f4 g6 22. Nf6 Nxf6 23. exf6 Nd6 24.
h4 Nf5 25. Qh3 c5 26. Rad1 cxd4 27. cxd4 Rfc8 28. h5 Kg8 29. hxg6 hxg6 30. Rd3 Qa7 31. Kh1 Ng7 32. fxg7 Kxg7 33. Qh6+ Kg8 34. Rh3 1-0

[Event "Late-Titled-Tuesday-Blitz-June-04-2024"]
[Site "Chess.com"]
[Date "2024.06.04"]
[Round "4"]
[White "Sanyura"]
[Black "laskakid"]
[Result "0-1"]
[WhiteElo "2536"]
[BlackElo "2391"]
[TimeControl "180+1"]
[EndTime "14:37:38 PDT"]
[Termination "laskakid won by resignation"]

1. Nf3 f5 2. g3 Nf6 3. Bg2 g6 4. O-O Bg7 5. d3 d6 6. Nbd2 O-O 7.
e4 fxe4 8. dxe4 e5 9. h3 Be6 10. c3 Kh8 11. Ng5 Bg8 12. f4 h6 13. Ngf3 exf4 14.
gxf4 Nh5 15. f5 gxf5 16. exf5 Ng3 17. Re1 Nxf5 18. Ne4 d5 19. Nf2 Nc6 20. Bf4 Qd7 21.
Qd2 Rae8 22. Ng4 d4 23. Nxh6 Ne3 24. Nxg8 Rxf4 25. cxd4 Nxg2 26. Kxg2 Rxe1 27. Rxe1 Qf7 28. Ne7 Rxf3 29. Nxc6 bxc6 30. Re7 Qd5 31. Kh2 Qd6+ 32. Kg2 Rg3+ 33. Kf2 Bxd4+ 0-1

[Event "Late-Titled-Tuesday-Blitz-June-04-2024"]
[Site "Chess.com"]
[Date "2024.06.04"]
[Round "4"]
[White "nitpicker"]
[Black "vladoboch"]
[Result "0-1"]
[WhiteElo "2318"]
[BlackElo "2480"]
[TimeControl "180+1"]
[EndTime "14:37:38 PDT"]
[Termination "vladoboch won by resignation"]

1. d4 Nf6 2. c4 g6 3. Nc3 Bg7 4.
e4 d6 5. Be2 O-O 6. Nf3 e5 7.
O-O Nc6 8. d5 Ne7 9. a4 Ne8 10.
Ne1 f5 11. f3 f4 12. a5 g5 13. Nd3 h5 14. Nf2 Ng6 15. b4 Rf7 16. Ba3 Bf8 17. c5 Rh7 18. h3 Nf6 19. Rc1 Nh4 20. Na4 Rg7 21. b5 g4 22. fxg4 hxg4 23. Nxg4 Nxg4 24.
Bxg4 Bxg4 25. hxg4 Nxg2 26. Kxg2 Qh4 27. Rf3 Rxg4+ 28.
Kf1 Qh2 29. Rf2 Qh1+ 30. Ke2 Qxe4+ 31. Kd2 Qe3+ 32. Kc2 Qxf2+ 33. Kb1 Rg2 34. Nc3 e4 35. Qh5 Bg7 36. Rh1 Qc2+ 0-1

[Event "Late-Titled-Tuesday-Blitz-June-04-2024"]
[Site "Chess.com"]
[Date "2024.06.04"]
[Round "4"]
[White "denizozen"]
[Black "mac0504"]
[Result "1-0"]
[WhiteElo "2939"]
[BlackElo "2759"]
[TimeControl "180+1"]
[EndTime "14:37:40 PDT"]
[Termination "denizozen won on time"]

1. e4 Nc6 2. Nf3 d6 3. d4 Nf6 4. Nc3 g6 5. Be2 Bg7 6. Be3 O-O 7. h3 e5 8. dxe5 dxe5 9. Qxd8 Rxd8 10. Bc4 h6 11.
O-O a6 12. Nd5 Nxd5 13. Bxd5 Ne7 14. Bb3 b6 15. Rad1 Bb7 16. Nd2 a5 17. a3 a4 18. Ba2 Kf8 19. f3 Nc8 20. Nb1 Rxd1 21. Rxd1 Nd6 22. Nc3 Ke7 23. Bd5 c6 24. Ba2 Nc8 25.
Bxf7 Nd6 26. Bxg6 Nc4 27. Bc1 b5 28. Bf5 Nd6 29. Bg4 Rh8 30. Be3 h5 31. Bc5 hxg4 32.
Rxd6 gxh3 33. Rxc6+ Kd7 34. Rg6 Bf8 35. Bxf8 Rxf8 36. Nxb5 hxg2 37. Kxg2 1-0

[Event "Late-Titled-Tuesday-Blitz-June-04-2024"]
[Site "Chess.com"]
[Date "2024.06.04"]
[Round "4"]
[White "NovakRatko"]
[Black "Engima32"]
[Result "0-1"]
[WhiteElo "2301"]
[BlackElo "2477"]
[TimeControl "180+1"]
[EndTime "14:37:41 PDT"]
[Termination "Engima32 won on time"]

1. d4 d5 2. c4 c6 3. cxd5 cxd5 4. Nc3 Nc6 5. f3 g6 6. e4 Nf6 7. e5 Nd7 8. Nxd5 Qa5+ 9. Nc3 Bg7 10. f4 O-O 11. d5 Nb4 12. Bc4 Nb6 13. Bb3 Rd8 14. Bd2 Nd3+ 15. Kf1 Nxb2 16. Qe2 Bf5 17. Ne4 Qa3 18.
g4 Bxe4 19. Qxe4 Qa6+ 20. Ne2 Rac8 21. Bb4 Nd3 22. Bxe7 Re8 23. d6 Nc5 24. Qb4 Nxb3 25. Qxb3 Nc4 26. d7 Nd2+ 27. Ke1 Nxb3 28. dxc8=Q Rxc8 29. axb3 Qxa1+ 0-1

[Event "Late-Titled-Tuesday-Blitz-June-04-2024"]
[Site "Chess.com"]
[Date "2024.06.04"]
[Round "4"]
[White "mortngabriel"]
[Black "Marielchessy"]
[Result "1/2-1/2"]
[WhiteElo "2491"]
[BlackElo "2336"]
[TimeControl "180+1"]
[EndTime "14:37:42 PDT"]
[Termination "Game drawn by repetition"]

1. e4 c5 2. Nf3 d6 3. Bb5+ Bd7 4. Bxd7+ Qxd7 5. c4 Nc6 6. d4 cxd4 7. Nxd4 g6 8. Nc3 Bg7 9. Be3 Nf6 10. f3 O-O 11.
b3 Rfc8 12. Rc1 Qd8 13. O-O h5 14. Qd3 Qf8 15. Rfd1 Bh6 16. Nxc6 Rxc6 17. Nd5 Bxe3+ 18.
Qxe3 Nxd5 19. cxd5 Rxc1 20. Rxc1 Rc8 21. Rc3 Rxc3 22.
Qxc3 Qd8 23. Qd4 Qa5 24. Qf2 Qc3 25. h4 Qa1+ 26. Kh2 Qe5+ 27. g3 Qa1 28. Qxa7 Qb2+ 29.
Kh3 Qe2 30. Qxb7 Qxf3 31. Kh2 Qf2+ 32. Kh3 Qf1+ 33. Kh2 Qe2+ 34. Kh1 Qxe4+ 35. Kg1 Qb1+ 36. Kg2 Qxa2+ 37. Kg1 Qb1+ 38. Kg2 Qe4+ 39. Kg1 Kg7 40.
b4 Kf6 41. b5 Qe1+ 42. Kg2 Qe2+ 43. Kg1 Qe1+ 44. Kg2 Qe2+ 45. Kg1 Qe1+ 1/2-1/2

[Event "Late-Titled-Tuesday-Blitz-June-04-2024"]
[Site "Chess.com"]
[Date "2024.06.04"]
[Round "4"]
[White "Romkachess"]
[Black "AlphaPerseii"]
[Result "1-0"]
[WhiteElo "2512"]
[BlackElo "2332"]
[TimeControl "180+1"]
[EndTime "14:37:45 PDT"]
[Termination "Romkachess won by resignation"]

1. e4 c5 2. Nf3 Nc6 3. Bb5 e6 4. Bxc6 bxc6 5. d3 Ne7 6. O-O Ng6 7. Ng5 f6 8. Nh3 d5 9. f4 dxe4 10. dxe4 Qxd1 11. Rxd1 e5 12. f5 Ne7 13. Be3 g6 14.
fxg6 hxg6 15. Nf2 Rb8 16. b3 c4 17. Nd2 cxb3 18. axb3 a6 19. Nc4 f5 20. Nxe5 Bg7 21.
Ra5 Rb5 22. Nc4 O-O 23. Bc5 Bf6 24. e5 Bg5 25. Nh3 Rxa5 26. Nxa5 Bh4 27. g3 f4 28. gxh4 Bxh3 29. Bxe7 Rf5 30. Bf6 f3 31. Kf2 Kf7 32. Rd7+ Ke6 33. Rd6+ Kf7 34. Nxc6 Bg4 35. Nd4 Rf4 36.
c3 Re4 37. b4 1-0

[Event "Late-Titled-Tuesday-Blitz-June-04-2024"]
[Site "Chess.com"]
[Date "2024.06.04"]
[Round "4"]
[White "N_Mullodzhanov"]
[Black "NikolaGry"]
[Result "0-1"]
[WhiteElo "2512"]
[BlackElo "2701"]
[TimeControl "180+1"]
[EndTime "14:37:46 PDT"]
[Termination "NikolaGry won by checkmate"]

1. e4 d5 2. Nc3 d4 3. Nce2 e5 4. d3 Bb4+ 5. c3 dxc3 6. bxc3 Ba5 7. g3 Nc6 8. Bd2 Nge7 9. Bg2 Qxd3 10. f4 Bg4 11. h3 Bxe2 12. Nxe2 O-O-O 13. f5 Rd6 14. Rc1 Rhd8 15. Rc2 Bb6 16. Qc1 Na5 17. c4 Nxc4 18.
Rxc4 Qxd2+ 19. Qxd2 Rxd2 20. Rc1 Rxa2 21. f6 gxf6 22.
Rf1 Ba5+ 23. Kf2 Nc6 24. Ra1 Bb6+ 25. Kf3 Rd3+ 26. Kg4 Rxe2 27. Bf3 Ree3 28. Rad1 Rxf3 29. Rxf3 Rxd1 30. Rxf6 Rd7 31. Rh6 a5 32. h4 a4 33.
h5 a3 34. Kg5 Be3+ 35. Kf6 Bxh6 36. Kf5 a2 37. g4 a1=Q 38. g5 Qf1+ 39. Kg4 Qf4+ 40.
Kh3 Rd3+ 41. Kg2 Rd2+ 42. Kh3 Rh2# 0-1